Map: Tourmaline LE

Players

herO - Winner!

  • Race: Protoss Protoss

Reynor

  • Race: Zerg Zerg

VOD

Have the link to the VOD?

Description

Time

  • Played on: Jan. 18, 2026, 4:36 a.m.
  • Length: 50:28
Show
View Real Time Build Order
Export as new Build Order

herO Protoss - Winner!

Build Orders: 1 Gate Expand, Oracle Opening, Archon Immortal, Archon Drop 

Get SALT Encoding   

  12  0:00  Probe  
  13  0:13  Pylon, Probe  
  14  0:21  Probe  
  15  0:31  Probe  
  16  0:38  Gateway  
  16  0:44  Probe  
  16  0:47  Assimilator  
  17  0:56  Probe  
  18  1:08  Probe  
  19  1:20  Probe  
  20  1:26  Nexus  
  20  1:35  Cybernetics Core  
  20  1:37  Probe  
  21  1:43  Assimilator  
  21  1:49  Probe  
  21  1:52  Pylon  
  22  1:59  Probe  
  22  2:07  Probe  
  23  2:11  Adept  
  26  2:16  Probe  
  26  2:20  Stargate  
  27  2:24  Probe  
  22  2:30  Warp Gate  
  28  2:32  Probe  
  28  2:35  Probe  
  29  2:38  Stalker  
  29  2:42  Probe  
  29  2:43  Probe  
  34  2:53  Probe  
  34  2:54  Probe  
  34  2:56  Oracle  
  36  3:05  Probe  
  37  3:06  Probe  
  37  3:08  Pylon  
  37  3:11  Adept  
  43  3:17  Probe  
  43  3:18  Probe  
  45  3:28  Oracle  
  45  3:29  Probe  
  45  3:30  Probe  
  47  3:40  Nexus  
  50  3:43  Pylon  
  50  3:47  Probe  
  50  3:48  Probe  
  52  3:55  Assimilator  
  52  3:56  Assimilator  
  52  3:59  Probe  
  52  4:00  Probe  
  52  4:02  Twilight Council  
  54  4:05  Forge  
  54  4:17  Probe x2  
  56  4:19  Pylon  
  56  4:25  Gateway  
  56  4:27  Gateway  
  56  4:28  Robotics Facility  
  56  4:30  Probe x2  
  58  4:31  Charge  
  58  4:39  Protoss Ground Weapons Level 1  
  58  4:42  Probe x2  
  60  4:46  Gateway  
  60  4:49  Gateway  
  60  4:50  Probe x3  
  60  4:58  Probe x3  
  63  5:03  Adept  
  68  5:08  Probe x3  
  68  5:13  Templar Archives  
  71  5:17  Warp Prism  
  71  5:20  Probe  
  71  5:21  Probe  
  75  5:22  Probe  
  75  5:26  Pylon  
  76  5:30  Gateway  
  76  5:32  Gateway  
  76  5:38  Gateway  
  76  5:42  Gateway  
  76  5:44  Probe x3  
  76  5:48  Pylon  
  79  5:53  Pylon  
  79  5:56  High Templar x3  
  79  5:57  Assimilator  
  85  5:59  High Templar  
  85  6:00  Archon  
  85  6:02  Assimilator  
  85  6:03  Archon  
  85  6:04  Zealot, Probe  
  89  6:05  Photon Cannon  
  89  6:06  Probe x2  
  89  6:08  Observer  
  93  6:15  Pylon  
  93  6:16  Pylon  
  93  6:27  Pylon  
  93  6:28  Gateway  
  93  6:30  Immortal  
  93  6:33  Zealot x3  
  93  6:34  Zealot x5  
  113  6:40  Protoss Ground Weapons Level 2  
  113  6:47  Pylon  
  113  6:48  Pylon  
  113  6:58  High Templar x2, Zealot x5  
  113  7:01  Zealot  
  129  7:02  Archon, Zealot  
  129  7:04  Psionic Storm  
  131  7:11  Immortal  
  135  7:32  High Templar x3  
  135  7:34  Photon Cannon, Nexus  
  135  7:36  Zealot x2  
  145  7:37  Probe, Photon Cannon  
  146  7:46  Pylon  
  146  7:52  Probe x2  
  146  7:53  Probe  
  146  7:54  Pylon, Observer  
  149  8:01  Pylon  
  149  8:04  Immortal  
  149  8:05  High Templar x2  
  157  8:09  Pylon x2  
  157  8:10  Pylon  
  157  8:12  Photon Cannon  
  157  8:14  Shield Battery  
  157  8:15  High Templar x2, Zealot x2  
  165  8:25  Archon  
  165  8:32  Zealot x4  
  173  8:34  Immortal  
  120  8:43  Zealot x4  
  101  8:50  Zealot x2  
  101  8:53  Zealot x4  
  89  9:05  High Templar x4  
  95  9:11  Immortal  
  95  9:13  Zealot x6  
  111  9:24  Probe x3  
  114  9:35  High Templar x2  
  114  9:36  Zealot x3  
  124  9:42  Zealot  
  124  9:43  Archon  
  124  9:44  High Templar  
  124  9:45  Zealot x2  
  132  9:48  Probe x4  
  135  9:53  Assimilator  
  135  9:54  Assimilator  
  135  9:58  Protoss Ground Weapons Level 3  
  135  10:00  High Templar x2  
  135  10:02  Warp Prism  
  135  10:14  Probe x3  
  135  10:15  Probe  
  135  10:18  High Templar, Zealot x3  
  147  10:25  Zealot  
  141  10:29  Immortal  
  141  10:30  Zealot x2  
  141  10:32  Probe x2  
  133  10:44  Zealot x3  
  135  10:54  Zealot x4  
  129  10:57  Immortal  
  129  11:01  High Templar  
  129  11:02  Zealot  
  133  11:11  Zealot x3  
  143  11:12  Archon  
  143  11:14  Zealot x4  
  149  11:24  Archon  
  145  11:31  Zealot  
  145  11:32  Zealot x3  
  141  11:34  Probe  
  141  11:35  Probe x3  
  141  11:39  Observer, Zealot  
  143  11:40  Zealot x2  
  143  11:43  Zealot x2, Oracle  
  143  11:46  Probe  
  153  11:54  Fleet Beacon, High Templar  
  153  11:55  High Templar x3  
  153  12:00  Pylon  
  153  12:01  Observer  
  162  12:03  High Templar x2  
  162  12:04  Zealot x3  
  172  12:12  Nexus  
  172  12:14  Pylon  
  172  12:17  Immortal  
  172  12:19  Archon  
  172  12:26  Photon Cannon  
  172  12:28  Shield Battery  
  176  12:34  Photon Cannon  
  176  12:36  High Templar x3, Zealot x4  
  190  12:40  High Templar  
  190  12:42  Protoss Shields Level 1  
  190  12:43  Archon  
  192  12:44  Archon  
  192  12:47  Assimilator x2  
  192  12:48  Photon Cannon  
  192  12:50  Immortal  
  196  13:07  Mothership  
  174  13:14  Zealot x3  
  174  13:17  Archon  
  134  13:23  Immortal  
  110  13:31  Zealot x5  
  112  13:37  High Templar  
  112  13:38  High Templar x2  
  108  13:42  Zealot  
  108  13:45  Photon Cannon  
  108  13:47  Photon Cannon  
  108  13:48  Photon Cannon, Probe x3  
  106  13:49  Probe  
  110  13:56  High Templar  
  110  13:57  Zealot x4  
  110  14:00  Probe x2  
  120  14:08  Probe x2  
  122  14:11  High Templar x3  
  122  14:12  High Templar  
  122  14:13  Probe  
  122  14:15  Immortal  
  131  14:19  High Templar  
  131  14:20  Zealot x3  
  139  14:25  Archon  
  143  14:34  Probe x5  
  143  14:36  Robotics Facility  
  148  14:44  High Templar x2, Immortal  
  148  14:45  Zealot x6  
  164  14:47  Protoss Shields Level 2  
  164  14:51  Archon  
  168  15:00  Oracle  
  155  15:23  Observer  
  155  15:28  Stargate x2  
  156  15:30  Observer  
  156  15:34  Nexus  
  157  15:36  Pylon  
  157  15:37  High Templar  
  157  15:38  High Templar, Tempest  
  157  15:41  Immortal  
  157  15:42  Zealot x7  
  179  15:43  Archon  
  183  16:04  Zealot x5  
  177  16:05  Zealot x2  
  177  16:10  Zealot x3  
  177  16:11  Zealot x2  
  189  16:13  Tempest x3  
  152  16:33  High Templar x2  
  152  16:35  Zealot  
  158  16:46  Tempest  
  150  16:47  Tempest x2  
  150  16:52  Photon Cannon  
  148  16:55  Assimilator  
  148  16:59  Assimilator  
  156  17:05  Sentry, Zealot  
  156  17:06  Zealot x3  
  154  17:09  Zealot x2  
  156  17:25  Tempest x2  
  156  17:35  Tempest  
  145  17:51  Zealot x4  
  153  18:03  Oracle  
  141  18:19  High Templar x3  
  139  18:23  Archon  
  139  18:24  Zealot x2  
  86  20:56  High Templar  
Show
View Real Time Build Order
Export as new Build Order

Reynor Zerg 

Build Orders: Hatch First, Lurkers 

Get SALT Encoding   

  12  0:00  Drone  
  13  0:07  Drone  
  14  0:14  Extractor, Drone  
  15  0:34  Hatchery  
  14  0:39  Extractor  
  14  0:40  Drone  
  15  0:45  Overlord  
  16  1:04  Drone x3  
  18  1:11  Spawning Pool  
  18  1:16  Drone  
  18  1:18  Extractor  
  17  1:25  Drone  
  18  1:36  Drone  
  19  1:46  Drone  
  20  1:48  Drone  
  21  1:58  Queen x2  
  21  1:59  Zergling x2  
  26  2:04  Overlord  
  26  2:09  Drone  
  26  2:11  Drone  
  28  2:20  Metabolic Boost  
  28  2:23  Drone x2  
  28  2:29  Drone  
  31  2:30  Drone  
  32  2:45  Hatchery  
  32  2:46  Drone  
  32  2:48  Overlord  
  32  2:52  Zergling x2  
  32  2:53  Drone  
  34  2:59  Queen  
  36  3:06  Overlord  
  36  3:08  Drone x2  
  38  3:13  Queen  
  38  3:16  Drone  
  38  3:19  Overlord  
  41  3:21  Drone  
  41  3:23  Drone  
  41  3:24  Drone  
  41  3:26  Zergling x2  
  45  3:29  Drone  
  45  3:31  Drone  
  47  3:38  Drone  
  47  3:39  Queen  
  50  3:43  Zergling x4  
  54  3:48  Drone x2  
  54  3:50  Overlord  
  54  3:54  Evolution Chamber  
  53  3:56  Spore Crawler  
  53  3:57  Drone  
  53  3:59  Drone  
  53  4:01  Drone  
  55  4:05  Drone  
  55  4:08  Drone x2  
  58  4:12  Drone, Spore Crawler x2  
  57  4:17  Drone  
  57  4:19  Drone x3  
  57  4:21  Zerg Melee Weapons Level 1  
  61  4:26  Overlord  
  61  4:29  Zergling x6  
  61  4:31  Drone x2  
  66  4:39  Baneling Nest  
  66  4:40  Drone  
  66  4:44  Queen  
  68  4:47  Overlord  
  68  4:48  Drone  
  68  4:49  Drone  
  70  4:53  Drone x3  
  70  4:55  Extractor  
  70  4:58  Hatchery  
  71  5:00  Drone  
  71  5:02  Lair  
  71  5:06  Zergling x4  
  74  5:07  Zergling x4  
  74  5:08  Zergling x2  
  74  5:11  Zergling x6  
  80  5:18  Drone x2  
  80  5:19  Overlord  
  81  5:23  Overlord  
  81  5:26  Overlord  
  81  5:29  Overlord  
  81  5:33  Overlord  
  81  5:37  Drone  
  81  5:38  Drone x5  
  89  5:43  Extractor x2  
  89  5:46  Overlord  
  89  5:48  Drone x2  
  89  5:50  Drone x2  
  89  5:52  Drone x3  
  89  5:54  Drone  
  89  5:56  Zergling x4  
  95  5:59  Hatchery  
  94  6:04  Hydralisk Den  
  94  6:07  Drone x4  
  94  6:08  Zergling x6, Extractor, Queen  
  101  6:22  Drone x2  
  101  6:23  Overlord, Extractor  
  101  6:24  Baneling x5  
  102  6:29  Drone x2  
  102  6:31  Overlord  
  104  6:34  Hydralisk x5  
  104  6:37  Muscular Augments  
  118  6:40  Zergling x6  
  118  6:42  Hydralisk  
  118  6:43  Zergling x2  
  118  6:45  Overlord  
  118  6:46  Baneling x2  
  120  6:56  Hydralisk x4  
  120  6:57  Zergling x2  
  129  7:03  Zerg Missile Weapons Level 1  
  129  7:04  Drone x5  
  129  7:06  Hydralisk  
  136  7:10  Hydralisk  
  136  7:11  Zergling x2  
  136  7:12  Baneling x2  
  141  7:17  Baneling x4  
  141  7:19  Zergling x10  
  141  7:22  Hydralisk, Zergling x2  
  149  7:23  Zergling x2  
  149  7:25  Baneling x3  
  149  7:28  Overlord  
  150  7:30  Drone x2  
  150  7:31  Extractor  
  150  7:32  Drone  
  150  7:33  Overlord  
  150  7:36  Drone x2  
  152  7:37  Overlord  
  152  7:39  Centrifugal Hooks  
  152  7:44  Overlord  
  152  7:47  Hydralisk x3  
  152  7:48  Zergling x4  
  160  7:57  Zergling x4  
  160  7:58  Zergling x8  
  165  7:59  Zergling x2  
  165  8:00  Zergling x6  
  165  8:02  Overlord  
  167  8:08  Zergling x2  
  167  8:09  Zergling x10  
  172  8:16  Baneling x19  
  172  8:17  Baneling x5  
  172  8:19  Zergling x16  
  180  8:24  Zergling x6  
  180  8:27  Hydralisk x2, Zergling x2  
  183  8:31  Zergling x4  
  190  8:34  Overlord  
  190  8:38  Zergling x2  
  161  8:42  Hydralisk, Zergling x6  
  161  8:44  Hydralisk, Zergling x6  
  161  8:48  Hydralisk x2, Zergling x4  
  153  8:50  Hydralisk  
  153  8:54  Hydralisk x2  
  146  8:57  Hydralisk x2  
  146  8:58  Zergling x4  
  146  9:01  Zergling x2  
  147  9:05  Zergling x4  
  148  9:10  Zergling x2  
  148  9:12  Hydralisk x2  
  148  9:13  Zergling x6, Baneling  
  148  9:14  Baneling x5  
  148  9:16  Baneling x5, Hydralisk x2  
  151  9:17  Zergling x2  
  151  9:20  Zergling x4  
  158  9:27  Baneling x7, Hydralisk, Zergling x4  
  158  9:28  Zergling x2  
  163  9:34  Hydralisk  
  163  9:35  Zergling x6  
  167  9:40  Zergling x2  
  167  9:43  Hydralisk, Zergling x4  
  167  9:44  Zergling x4  
  171  9:48  Zergling x2  
  168  9:58  Baneling x2  
  168  9:59  Hatchery  
  163  10:00  Zergling x24  
  163  10:05  Baneling x2, Hydralisk  
  163  10:07  Hydralisk  
  168  10:09  Zergling x2  
  168  10:10  Baneling x3  
  168  10:11  Baneling x3  
  168  10:12  Zerg Missile Weapons Level 2  
  168  10:13  Hydralisk, Zergling x6  
  176  10:23  Hydralisk x2  
  176  10:24  Zergling x10, Infestation Pit  
  174  10:28  Hydralisk  
  174  10:31  Pneumatized Carapace  
  174  10:34  Hydralisk  
  174  10:35  Zergling x2  
  173  10:39  Hydralisk  
  173  10:40  Zergling x8  
  178  10:44  Hydralisk  
  178  10:45  Zergling x6  
  178  10:49  Hydralisk, Zergling x2  
  172  10:50  Zergling x2  
  172  10:54  Zergling x12  
  161  10:57  Zergling x4  
  161  11:03  Hydralisk x2  
  145  11:06  Hydralisk x2  
  145  11:11  Baneling x6  
  139  11:14  Baneling x4, Hydralisk x2  
  139  11:15  Zergling x4  
  140  11:22  Hydralisk x4, Zergling x2  
  130  11:28  Hydralisk x2  
  130  11:29  Zergling x2  
  127  11:35  Hydralisk, Zergling x8  
  128  11:44  Hydralisk, Zergling x4  
  128  11:45  Zergling x2  
  129  11:50  Hydralisk x2  
  129  11:51  Zergling x10  
  129  11:52  Lurker Den  
  132  12:01  Zergling x6  
  132  12:05  Baneling x2  
  132  12:06  Baneling x4  
  132  12:07  Hive  
  135  12:09  Zergling x12  
  135  12:11  Baneling x2  
  135  12:12  Baneling x4  
  135  12:14  Baneling x2  
  138  12:17  Zergling x6  
  138  12:22  Zergling x4  
  143  12:31  Zergling x10  
  143  12:34  Drone x5  
  143  12:36  Hatchery  
  143  12:37  Extractor, Zergling x2  
  152  12:42  Hydralisk  
  152  12:43  Zergling x2  
  154  12:47  Baneling x15  
  154  12:51  Baneling x5  
  153  12:52  Zergling x4  
  153  12:53  Zergling x2  
  156  12:59  Zergling x4  
  156  13:00  Zergling x8  
  156  13:04  Zergling x4  
  156  13:05  Zergling x2  
  165  13:09  Zergling x8  
  153  13:19  Hydralisk x2, Zergling x4  
  127  13:20  Zergling x2  
  127  13:23  Hydralisk, Zergling x2  
  127  13:27  Hydralisk, Zergling x2  
  114  13:28  Zergling x2  
  114  13:31  Hydralisk  
  114  13:32  Zergling x2  
  114  13:36  Hydralisk x2  
  114  13:37  Zergling x2  
  112  13:43  Seismic Spines  
  112  13:45  Zergling x8  
  112  13:46  Zergling x2  
  117  13:51  Drone x3  
  120  13:58  Lurker x5  
  120  14:00  Hydralisk  
  120  14:01  Zergling x12  
  132  14:12  Lurker x3  
  132  14:13  Drone x2  
  132  14:14  Drone  
  132  14:15  Extractor  
  132  14:16  Zergling x8  
  141  14:24  Adrenal Glands  
  141  14:25  Baneling  
  141  14:27  Lurker  
  142  14:32  Lurker  
  142  14:33  Zergling x24  
  155  14:41  Drone  
  155  14:43  Zergling x4  
  158  14:47  Hydralisk x5  
  158  14:49  Hydralisk  
  170  14:54  Hydralisk x2  
  170  14:59  Baneling x6, Hydralisk, Zergling x2  
  177  15:00  Zergling x2  
  177  15:04  Hydralisk  
  177  15:05  Zergling x6  
  177  15:06  Zergling x2  
  184  15:12  Zergling x6  
  185  15:19  Zergling x8  
  185  15:20  Adaptive Talons  
  186  15:23  Overseer  
  186  15:24  Overseer  
  181  15:30  Baneling x5  
  181  15:31  Zergling x10  
  181  15:32  Lurker  
  181  15:33  Lurker x2  
  189  15:36  Overseer x2  
  189  15:40  Hydralisk  
  189  15:41  Zergling x6  
  193  15:47  Hatchery  
  183  16:05  Hydralisk x7  
  183  16:06  Hydralisk  
  183  16:08  Overseer x2  
  198  16:12  Overseer  
  198  16:13  Hydralisk  
  198  16:14  Zergling x6  
  198  16:17  Hydralisk  
  198  16:18  Zergling x2  
  165  16:21  Hydralisk  
  165  16:22  Overseer x3  
  165  16:24  Hydralisk  
  152  16:28  Hydralisk x2  
  152  16:31  Zergling x2  
  157  16:32  Queen  
  157  16:35  Hydralisk  
  157  16:38  Hydralisk  
  163  16:45  Hydralisk x2  
  163  16:46  Hydralisk  
  169  16:49  Hydralisk  
  169  16:50  Zergling x2  
  172  16:55  Zergling x4  
  172  16:59  Zergling x2  
  172  17:00  Zergling x4  
  168  17:10  Lurker x3  
  168  17:11  Zergling x4  
  168  17:12  Zergling x4  
  168  17:13  Zergling x2  
  176  17:21  Hydralisk x2  
  176  17:22  Zergling x6  
  183  17:24  Extractor x2  
  183  17:27  Hydralisk  
  183  17:28  Zergling x2  
  180  17:30  Hatchery  
  180  17:31  Unknown  
  180  17:33  Zergling x6  
  172  17:37  Zergling x2  
  168  17:46  Hydralisk x4  
  168  17:50  Hydralisk  
  173  17:55  Hydralisk x2  
  167  18:01  Hydralisk  
  167  18:04  Hydralisk, Zergling x2  
  166  18:10  Hydralisk  
  162  18:16  Zergling x2  
  135  18:51  Hydralisk  
  135  18:52  Viper  
  121  19:05  Hydralisk x2  
  121  19:09  Hydralisk  
  124  19:10  Overseer x3  
  114  19:21  Overlord  
  107  19:26  Zergling x6  
  107  19:31  Extractor  
  103  19:32  Extractor  
  103  19:36  Zergling x2  
  102  19:41  Zergling x2  
  103  19:50  Spore Crawler  
  103  19:51  Spore Crawler  
  101  19:53  Zergling x2  
  102  20:06  Zergling x4  
  102  20:07  Zergling x2  
  100  20:11  Hydralisk  
  89  20:23  Hydralisk  
  89  20:25  Spore Crawler  
  89  20:26  Spore Crawler  
  81  20:38  Zergling x4  
  59  20:55  Hatchery  
  59  20:56  Zergling x2  
Tags
 
Add a new tag
Caveats
  • Supply blocks, unpowered buildings, or Contaminate may cause inaccurate times.
  • Supply counts are checked every 10 seconds.